 Dungeon Crawl Stone Soup version 0.27.1 (webtiles) character file.

Game seed: 8072534842752121988

21 ZARRMARR the Insei (level 2, 0/19 HPs)
             Began as an Octopode Transmuter on Sept 4, 2021.
             Slain by a jackal (1 damage)
             ... on level 1 of the Dungeon.
             The game lasted 00:01:19 (259 turns).

ZARRMARR the Insei (Octopode Transmuter)             Turns: 259, Time: 00:01:20

Health: 0/19       AC:  1    Str:  9    XL:     2   Next: 83%
Magic:  4/5        EV: 13    Int: 15    God:
Gold:   0          SH:  0    Dex: 12    Spells: 4/5 levels left

rFire    . . .     SeeInvis .     - Unarmed
rCold    . . .     Faith    .   (no shield)
rNeg     . . .     Spirit   .   (helmet currently unavailable)
rPois    .         Reflect  .   (no amulet)
rElec    .         Harm     .   (no ring)
rCorr    .         Rampage  .   (no ring)
Will     .....                  (no ring)
Stlth    ++........             (no ring)
HPRegen  0.06/turn              (no ring)
MPRegen  0.09/turn              (no ring)
                                (no ring)
                                (no ring)

@: appendages (expiring)
A: tentacle spike 3, almost no armour, amphibious, 8 rings, camouflage 1,
gelatinous body 1, (nimble swimmer 1), tentacles
a: End Transformation


You were on level 1 of the Dungeon.
One of your tentacles had grown a beastly spike.
You visited 1 branch of the dungeon, and saw 1 of its levels.

You aren't carrying anything.


   Skills:
 + Level 2.0 Fighting
 + Level 2.7 Dodging
 - Level 3.0 Unarmed Combat
 - Level 2.0 Spellcasting
 - Level 2.0 Transmutations


You had 4 spell levels left.
You knew the following spells:

 Your Spells              Type           Power      Damage    Failure   Level
a - Beastly Appendage     Tmut           14%        N/A       10%         1

Your spell library contained the following spells:

 Spells                   Type           Power      Damage    Failure   Level
 Wereblood                Tmut           7%         N/A       14%         2
 Spider Form              Tmut/Pois      2%         N/A       41%         3
 Ice Form                 Ice/Tmut       4%         N/A       82%         4


Dungeon Overview and Level Annotations

Branches:
Dungeon (1/15)

Altars:


Innate Abilities, Weirdness & Mutations

One of your tentacles has grown a beastly spike.
You cannot wear most types of armour.
You are amphibious.
You can wear up to eight rings at the same time.
Your skin changes colour to match your surroundings (Stealth+).
Your rubbery body absorbs attacks. (AC +1, EV +1)
((You are camouflaged near water. (Stealth+)))
You have tentacles for arms and can constrict up to eight enemies at once.


Message History

You closely miss the jackal.
The jackal barks!
Your grab misses the jackal.
Your tentacle-slap misses the jackal.
Your squeeze misses the jackal. The jackal barely misses you.
The jackal bites you.
You barely miss the jackal. Your grab misses the jackal. The jackal bites you.
You tentacle-slap the jackal but do no damage.
Your grab misses the jackal.
Your tentacle spike misses the jackal.
The jackal closely misses you. The jackal barely misses you.
You closely miss the jackal. You grab the jackal.
Your transformation is almost over.
You constrict the jackal. The jackal barely misses you. x2
An endoplasm comes into view.
The jackal completely misses you. The jackal bites you.
You tentacle-slap the jackal but do no damage.
Your grab misses the jackal.
Your tentacle spike misses the jackal.
You squeeze the jackal.
The jackal is severely wounded.
You constrict the jackal. The jackal barely misses you.
You tentacle-slap the jackal.
You kill the jackal!
The jackal closely misses you. x2
You tentacle-slap the goblin.
You kill the goblin!
The jackal bites you. x2; The jackal barely misses you.
Your Fighting skill increases to level 2!
You tentacle-slap the jackal. Your grab misses the jackal.
The jackal is severely wounded.
The jackal bites you.
* * * LOW HITPOINT WARNING * * *
The jackal bites you.
* * * LOW HITPOINT WARNING * * *
You closely miss the jackal. You grab the jackal.
Your tentacle spike misses the jackal.
The jackal is severely wounded.
You constrict the jackal, but do no damage.
The jackal bites you.
* * * LOW HITPOINT WARNING * * *
The jackal closely misses you. The jackal bites you.
You die...

.................#
...............†.......#
..................######
...................#
...................###
.....................##
#.....................##
.................##.....
.....(h@........)###....
......h†)...............
..#..............###....
.#.J............# #....
.........†....#### #....
....#.........# ####....
..............###.)..(..
...........†...)..######
.....#.......######


You could see an endoplasm and 2 jackals.

Vanquished Creatures
  A ball python (D:1)
  2 bats (D:1)
  3 endoplasms (D:1)
  3 goblins (D:1)
  A hobgoblin (D:1)
  2 jackals (D:1)
  2 quokkas (D:1)
  A kobold (D:1)
  A rat (D:1)
16 creatures vanquished.

Notes
Turn   | Place    | Note
-------+----------+-------------------------------------------
     0 | D:1      | ZARRMARR the Octopode Transmuter began the quest for the
                  | Orb.
     0 | D:1      | Reached XP level 1. HP: 13/13 MP: 3/3
   199 | D:1      | Reached XP level 2. HP: 18/18 MP: 3/5
   259 | D:1      | Slain by a jackal

Illustrated notes

Levels and vault maps discovered:
D:1:      scummos_arrival_checkerplants, layout_rooms,
          shapermc_ecumenical_altar_venn

Skill      XL: |  1  2 |
---------------+-------+-----
Fighting       | 2 |  2.0
Dodging        | |  2.7
Unarmed Combat | |  3.0
Spellcasting   | |  2.0
Transmutations | |  2.0

Action                   || total
-------------------------++-------
Melee: Unarmed           ||    43
       Constrict         ||     9
       Kick              ||     6
       Tentacles         ||     3
       Punch             ||     1
 Cast: Beastly Appendage ||     7
Armor: Skin              ||     4
Dodge: Dodged            ||    38
